 Dungeon Crawl Stone Soup version 0.28.0 (webtiles) character file.

Game seed: 9427951106461540027

1729 HallandMoats the Skirmisher (level 9, -1/82 HPs)
             Began as a Ghoul Monk on Feb 12, 2022.
             Was an Initiate of Ashenzari.
             Slain by Edmund (4 damage)
             ... on level 5 of the Dungeon.
             The game lasted 00:09:09 (10847 turns).

HallandMoats the Skirmisher (Ghoul Monk)           Turns: 10847, Time: 00:09:10

Health: -1/82      AC:  7    Str: 17    XL:     9   Next: 5%
Magic:  8/8        EV: 12    Int:  5    God:    Ashenzari [......]
Gold:   197        SH:  0    Dex: 13    Spells: 8/8 levels left

rFire   . . .      SeeInvis +     - Unarmed
rCold   + . .      Faith    .   (no shield)
rNeg    + + +      Spirit   .   f - +0 ring mail
rPois   ∞          Reflect  .   (no helmet)
rElec   .          Harm     .   e - +0 cloak
rCorr   +          Rampage  .   (no gloves)
Will    .....                   (no boots)
Stlth   +.........              (no amulet)
HPRegen 0.00/turn               c - ring of Ashenzari's Skepticism {SInv, Self, Cun} (curse)
MPRegen 0.11/turn               n - ring of resist corrosion

@: inhibited regen
A: claws 1, cold resistance 1, negative energy resistance 3, inhibited
regeneration, torment resistance 2
a: Renounce Religion, Curse Item, Shatter the Chains


You were on level 5 of the Dungeon.
You worshipped Ashenzari.
Ashenzari was noncommittal.
You visited 1 branch of the dungeon, and saw 6 of its levels.

You collected 272 gold pieces.
You spent 75 gold pieces at shops.

Inventory:

Armour
 e - a +0 cloak (worn)
 f - a +0 ring mail (worn)
Jewellery
 c - the cursed ring of Ashenzari's Skepticism (left claw) {SInv, Self, Cun}
   (You found it on level 1 of the Dungeon)

   [ring of see invisible]

   SInv:      It lets you see invisible.
   It has a curse which improves the following skills: Introspection: Fighting
   and Spellcasting.
   Cunning:   Dodging and Stealth.
 n - a ring of resist corrosion (right claw)
Wands
 l - a wand of iceblast (9)
 u - a wand of flame (16)
 y - a wand of digging (4)
Scrolls
 b - 3 scrolls of enchant armour {unknown}
 d - a scroll of fear {unknown}
 g - a scroll of vulnerability {unknown}
 h - a scroll of blinking {unknown}
 i - 3 scrolls of noise {unknown}
 j - a scroll of teleportation {unknown}
 k - a scroll of magic mapping {unknown}
 o - a scroll of torment {unknown}
 r - a scroll of immolation {unknown}
 w - a scroll of summoning {unknown}
 x - a scroll of identify {unknown}
Potions
 a - a potion of mutation {unknown}
 m - a potion of haste {unknown}
 p - a potion of ambrosia {unknown}
 q - a potion of heal wounds {unknown}
 s - a potion of magic {unknown}
 t - a potion of invisibility {unknown}
 v - a potion of curing


   Skills:
 * Level 7.9(8.3) Fighting
 + Level 3.9 Armour
 + Level 4.9(5.3) Dodging
 - Level 2.1(2.5) Stealth
 * Level 7.9 Unarmed Combat


You had 8 spell levels left.
You didn't know any spells.
Your spell library contained the following spells:

 Spells                   Type           Power      Damage    Failure   Level
 Slow                     Hex            0%         N/A       67%         1
 Confusing Touch          Hex            0%         N/A       95%         3
 Vampiric Draining        Necr           0%         2d6       95%         3


Dungeon Overview and Level Annotations

Branches:
Dungeon (6/15)             Temple (0/1) D:5

Altars:
Ashenzari
Dithmenos
Elyvilon
Nemelex Xobeh
Ru
Sif Muna
Trog
Xom

Shops:
D:3 *

Annotations:
D:5 Edmund
D:6 Maggie


Innate Abilities, Weirdness & Mutations

You thrive by killing the living.
You are immune to poison.
You have sharp fingernails.
Your flesh is cold resistant. (rC+)
You are immune to negative energy. (rN+++)
You do not regenerate when monsters are visible.
You are immune to unholy pain and torment.


Message History

No target in view!
No target in view!
No target in view!
No target in view!
No target in view!
No target in view!
No target in view!
No target in view!
No target in view!
No target in view!
No target in view!
No target in view!
No target in view!
No target in view!
No target in view!
No target in view!
You start resting.
HP restored.
You climb downwards.
Level annotation: Edmund, Maggie Edmund says, "Everyone always remembers my brother. 'Who's Edmund?' they ask!"
Edmund hits you with a +5 dire flail of holy wrath!
You convulse.
There is a stone staircase leading up here.
Unknown command.
Edmund hits you with a +5 dire flail of holy wrath!
You convulse!
You climb upwards.
There is a stone staircase leading down here.
Edmund clears his throat.
Unknown command.
Search for what [Enter for "armor", or ? for help]? teleport You see here a +0 pair of gloves.
Edmund hits you with a +5 dire flail of holy wrath!
You convulse!
* * * LOW HITPOINT WARNING * * *
Edmund hits you with a +5 dire flail of holy wrath!
* * * LOW HITPOINT WARNING * * *
You convulse.
You die...

#.# #.# #.# #.# #.#####.#
#.......# ########## #########
#........# ## #........# ##.
#...@....# ##.#
#....@...####### ##.##
#..............###.###
##########.........#......
#[.......#.[.......#.#####
#........#...........#
#........#........[#.#####
#........'.........+.#....
#........#.........###.###
########........#############.#


You could see Edmund.

Vanquished Creatures
  Grinder (D:5)
  Sigmund (D:5)
  Eustachio (D:5)
  Duvessa (D:5)
  An ogre (D:4)
  2 phantoms (D:5)
  Blork the orc (D:5)
  A kobold brigand (D:4)
  A water moccasin zombie (D:5)
  Dowan (D:5)
  2 centaur zombies
  An orc priest (D:6)
  A bullfrog skeleton (D:4)
  A hound (D:5)
  A centaur skeleton (D:4)
  Natasha (twice) (D:3)
  4 iguanas
  2 scorpion zombies (D:5)
  A howler monkey skeleton (D:4)
  7 adders
  9 gnolls
  2 ufetubi (D:5)
  2 adder skeletons (D:4)
  A worm (D:5)
  3 dart slugs (D:2)
  6 orcs
  7 bats
  2 endoplasms (D:3)
  4 giant cockroaches
  8 hobgoblins
  11 kobolds
  A quokka (D:4)
  8 ball pythons
  4 frilled lizards
  5 goblins
  6 rats
112 creatures vanquished.

Notes
Turn   | Place    | Note
-------+----------+-------------------------------------------
     0 | D:1      | HallandMoats the Ghoul Monk began the quest for the Orb.
     0 | D:1      | Reached XP level 1. HP: 19/19 MP: 0/0
    42 | D:1      | Found a faded altar of an unknown god.
    71 | D:1      | Prayed at the altar of an unknown god.
    71 | D:1      | Became a worshipper of Ashenzari the Shackled
   155 | D:1      | Reached XP level 2. HP: 26/26 MP: 1/1
   854 | D:2      | Found a shimmering altar of Xom.
   867 | D:2      | Reached XP level 3. HP: 27/33 MP: 2/2
   947 | D:2      | Reached skill level 1 in Armour
  1435 | D:2      | Reached XP level 4. HP: 30/40 MP: 3/3
  1813 | D:3      | Found a sparkling altar of Nemelex Xobeh.
  1853 | D:3      | Found Tovawnie's Assorted Antiques.
  1876 | D:3      | Bought a yellow potion for 23 gold pieces
  1876 | D:3      | Bought a scroll labelled YQUMEI LOHORIU for 26 gold pieces
  1876 | D:3      | Bought a scroll labelled ICKOIS ONAKH for 26 gold pieces
  2292 | D:3      | Noticed Natasha
  2309 | D:3      | Killed Natasha
  2310 | D:3      | Reached XP level 5. HP: 26/47 MP: 4/4
  3076 | D:4      | Reached XP level 6. HP: 45/56 MP: 5/5
  3086 | D:4      | Reached skill level 5 in Fighting
  3193 | D:4      | Reached skill level 5 in Unarmed Combat
  3269 | D:3      | Noticed Natasha
  3423 | D:3      | Killed Natasha
  3657 | D:4      | Found a shimmering blue altar of Sif Muna.
  3902 | D:4      | Reached XP level 7. HP: 62/62 MP: 6/6
  4009 | D:4      | Found a sacrificial altar of Ru.
  4618 | D:5      | Entered Level 5 of the Dungeon
  4747 | D:5      | Noticed Duvessa
  4747 | D:5      | Noticed Dowan
  4779 | D:5      | Killed Duvessa
  4856 | D:5      | Killed Dowan
  5073 | D:5      | Noticed Blork the orc
  5079 | D:5      | Killed Blork the orc
  5359 | D:5      | Reached XP level 8. HP: 70/71 MP: 7/7
  5407 | D:5      | Noticed Eustachio
  5419 | D:5      | Killed Eustachio
  5436 | D:5      | Found a staircase to the Ecumenical Temple.
  5449 | D:5      | Noticed Grinder
  5464 | D:5      | Killed Grinder
  5547 | D:5      | Found a shadowy altar of Dithmenos.
  6134 | D:5      | Found a bloodstained altar of Trog.
  6170 | D:5      | Noticed Sigmund
  6188 | D:5      | Killed Sigmund
  6340 | D:5      | Reached XP level 9. HP: 78/81 MP: 8/8
  6415 | D:6      | Noticed Maggie
 10441 | D:6      | Noticed Edmund
 10847 | D:5      | HP: 3/82 [Edmund (12)]
 10847 | D:5      | Slain by Edmund

Illustrated notes

Levels and vault maps discovered:
D:1:      psy_arrival_statuary, layout_loops_ring, ebering_ecumenical_altar_rust
D:2:      layout_basic, basic_altar
D:3:      minmay_chambers_of_twos, layout_rooms, mainiacjoe_overflow_paths,
          serial_shops, shop, uniq_natasha
D:4:      cheibrodos_thug_alley, layout_basic, mainiacjoe_overflow_catwalk,
          nicolae_overflow_hidden_temple
D:5:      layout_basic, lightli_temple_of_fire, minmay_temple_entry_wispy,
          hangedman_feature_mirror, uniq_grinder, uniq_blork_the_orc,
          uniq_sigmund, uniq_eustachio, uniq_duvessa
D:6:      layout_rooms, mainiacjoe_overflow_small_starburst,
          nicolae_figureground_pulse, uniq_maggie, uniq_edmund

Skill      XL: |  1  2  3  4  5  6  7  8 |
---------------+-------------------------+-----
Armour         | 1 2 3 |  3.9
Fighting       | 4 5 6 7 |  7.9
Dodging        | 3 4 |  4.9
Unarmed Combat | 4 5 6 7 |  7.9
Stealth        | |  2.1

Action                   |  1- 3 |  4- 6 |  7- 9 || total
-------------------------+-------+-------+-------++-------
Melee: Unarmed           |   102 |   171 |   205 ||   478
       Punch             |     2 |     7 |     8 ||    17
Invok: Curse Item        |       |     1 |       ||     1
 Stab: Sleeping          |     2 |     1 |     1 ||     4
Armor: Robe              |    18 |     1 |       ||    19
       Ring mail         |       |    78 |    48 ||   126
Dodge: Dodged            |    74 |   132 |   121 ||   327
